[Event "Titled Tuesday Blitz August 16 Early 2022"]
[White "Subelj, Jan"]
[Black "Boros, Denes"]
[WhiteFideId "14618583"]
[BlackFideId "722340"]
[WhiteElo "2331"]
[BlackElo "2464"]
[Result "1-0"]
[Round "04"]
[TimeControl "180+1"]
[Date "2022.08.16"]
[WhiteClock "0:00:15"]
[BlackClock "0:00:33"]

1. Nf3 Nf6 2. g3 b6 3. Bg2 Bb7 4. O-O h6 5. c4 c5 6. Nc3 Nc6 7. d4 Nxd4 8. Nxd4 Bxg2 9. Kxg2 cxd4 10. Qxd4 Qc7 11. Nd5 Qb7 12. f3 d6 13. a4 Rc8 14. a5 b5 15. Nxf6+ gxf6 16. a6 Qd7 17. cxb5 Qxb5 18. Qxa7 Bg7 19. Rf2 O-O 20. Qxe7 Rfe8 21. Qb7 Qxb7 22. axb7 Rb8 23. Ra7 Re7 24. e4 f5 25. exf5 Rexb7 26. Rxb7 Rxb7 27. Rc2 d5 28. Rc5 Bxb2 29. Bxh6 Rd7 30. Rc2 Bf6 31. Rd2 d4 32. Rd3 Kh7 33. Bf4 Rd5 34. g4 Rb5 35. Kg3 Rb4 36. h4 Be7 37. g5 Bc5 38. h5 Rb1 39. g6+ Kg7 40. h6+ Kf6 41. g7 Kxf5 42. Kg2 Rb2+ 43. Rd2 Rb6 44. g8=Q Rg6+ 45. Qxg6+ Kxg6 46. Kf2 d3+ 47. Be3 Bb4 48. Rxd3 Bf8 49. Rd8 Be7 50. Rg8+ Kh7 51. Rg7+ Kh8 52. Rxf7 Bh4+ 53. Kg2 Kg8 54. Rg7+ Kh8 55. Bd4 Bf6 56. Rd7 Kg8 1-0


[Site "https://www.chess.com"]

[Event "Titled Tuesday Blitz August 16 Early 2022"]
[White "Taboas Rodriguez, Daniel"]
[Black "Lazavik, Denis"]
[WhiteFideId "2208466"]
[BlackFideId "13515110"]
[WhiteElo "2429"]
[BlackElo "2437"]
[Result "0-1"]
[Round "04"]
[TimeControl "180+1"]
[Date "2022.08.16"]
[WhiteClock "0:00:52"]
[BlackClock "0:00:25"]

1. d4 f5 2. Bg5 h6 3. Bh4 g5 4. Bg3 Bg7 5. e3 c5 6. Qh5+ Kf8 7. Nf3 cxd4 8. Ne5 Bxe5 9. Bxe5 Qa5+ 10. c3 Qxe5 11. cxd4 Qa5+ 12. Nc3 Nf6 13. Qg6 d6 14. Bc4 d5 15. Bd3 Nc6 16. O-O Qd8 17. Bxf5 Qe8 18. Rac1 Qxg6 19. Bxg6 Kg7 20. Bc2 Bd7 21. Bb3 e6 22. Rfd1 Rac8 23. f3 Na5 24. e4 Nxb3 25. axb3 Bc6 26. Re1 dxe4 27. fxe4 Bxe4 28. Nxe4 Rxc1 29. Rxc1 Nxe4 30. Rc7+ Kf6 31. Rxb7 Rc8 32. g4 Rc2 33. Rxa7 Rxb2 34. Rh7 Rxb3 35. Rxh6+ Ke7 36. Rh7+ Kd6 37. Rh8 Rb2 38. h4 gxh4 39. Rxh4 Kd5 40. Rh6 Rd2 41. g5 Rd3 42. Kh2 Rg3 43. g6 Rg5 44. Kh3 Kxd4 45. g7 Rxg7 46. Rxe6 Ng5+ 47. Kg4 Nxe6+ 0-1


[Site "https://www.chess.com"]

[Event "Titled Tuesday Blitz August 16 Early 2022"]
[White "Tasev, Dejan"]
[Black "Acor, Corey"]
[WhiteFideId "936618"]
[BlackFideId "2024861"]
[WhiteElo "2253"]
[BlackElo "2340"]
[Result "0-1"]
[Round "04"]
[TimeControl "180+1"]
[Date "2022.08.16"]
[WhiteClock "0:00:53"]
[BlackClock "0:00:05"]

1. e4 e5 2. Nf3 Nc6 3. Bc4 Bc5 4. b4 Bxb4 5. c3 Ba5 6. d4 exd4 7. O-O d6 8. h3 Nf6 9. Re1 Ne5 10. Nxe5 dxe5 11. Ba3 Be6 12. Qa4+ c6 13. Bxe6 fxe6 14. Qb3 Qd7 15. Rd1 O-O-O 16. cxd4 exd4 17. Nd2 Bxd2 18. Rxd2 Nxe4 19. Rb2 b6 20. Re1 Qd5 21. Qa4 Kb7 22. Qd1 Nf6 23. Rbe2 Rhe8 24. Re5 Qxa2 25. Bc1 d3 26. Bd2 a5 27. Qc1 Qc2 28. g4 Qxc1 29. Rxc1 Rd5 30. Re3 a4 31. Ra1 b5 32. Rae1 c5 33. f4 a3 34. f5 b4 35. g5 Nd7 36. fxe6 Nb6 37. Rf3 Nc4 38. Rf7+ Kc6 39. Bf4 d2 40. Rd1 Rxe6 41. Rxg7 Re1+ 0-1


[Site "https://www.chess.com"]

[Event "Titled Tuesday Blitz August 16 Early 2022"]
[White "Tifferet, Shaked"]
[Black "Albertini, Luca"]
[WhiteFideId "2811529"]
[BlackFideId "847038"]
[WhiteElo "2083"]
[BlackElo "2207"]
[Result "1-0"]
[Round "04"]
[TimeControl "180+2"]
[Date "2022.08.18"]
[WhiteClock "0:00:00"]
[BlackClock "0:00:00"]

1. e4 e5 2. Bc4 Nc6 3. d3 Nf6 4. Nc3 Bc5 5. a3 d6 6. Be3 Bxe3 7. fxe3 Ng4 8. Qf3 O-O 9. h3 Qh4+ 10. g3 Qh6 11. hxg4 1-0


[Site "https://www.chess.com"]

[Event "Titled Tuesday Blitz August 16 Early 2022"]
[White "Timofeev, Artyom"]
[Black "Aldokhin, Ivan"]
[WhiteFideId "4140419"]
[BlackFideId "24115720"]
[WhiteElo "2578"]
[BlackElo "2246"]
[Result "1-0"]
[Round "04"]
[TimeControl "180+1"]
[Date "2022.08.16"]
[WhiteClock "0:00:41"]
[BlackClock "0:00:04"]

1. e4 c5 2. Nc3 e6 3. d4 cxd4 4. Qxd4 Nc6 5. Qd3 Nf6 6. Bf4 e5 7. Bg5 Be7 8. O-O-O O-O 9. Nf3 a6 10. Bxf6 Bxf6 11. Nd5 d6 12. Qe3 Be6 13. Bc4 Bxd5 14. Bxd5 Rc8 15. Kb1 b5 16. g4 Na5 17. g5 Be7 18. h4 Nc4 19. Qd3 Nb6 20. Rhg1 Nxd5 21. Qxd5 Rc5 22. Qd3 Qc7 23. Nd2 b4 24. Nf1 d5 25. Ne3 d4 26. Nd5 Qd6 27. h5 Rfc8 28. Rd2 a5 29. g6 fxg6 30. hxg6 h6 31. Qb3 Kh8 32. f4 exf4 33. Rxd4 Bf6 34. Rd2 Be5 35. Qh3 f3 36. Qxf3 a4 37. Rf1 b3 38. axb3 axb3 39. Qxb3 Qa6 40. Rdf2 Qa8 41. Nb6 Qb8 42. Nxc8 Rxc8 43. Qxb8 Rxb8 44. Rf8+ Rxf8 45. Rxf8# 1-0


[Site "https://www.chess.com"]

[Event "Titled Tuesday Blitz August 16 Early 2022"]
[White "Tologon tegin, Semetei"]
[Black "Dubov, Daniil"]
[WhiteFideId "13800574"]
[BlackFideId "24126055"]
[WhiteElo "2174"]
[BlackElo "2791"]
[Result "0-1"]
[Round "04"]
[TimeControl "180+1"]
[Date "2022.08.16"]
[WhiteClock "0:00:07"]
[BlackClock "0:01:07"]

1. g3 g6 2. Bg2 Bg7 3. c4 e5 4. Nc3 Nf6 5. e4 O-O 6. Nge2 d6 7. O-O Re8 8. d3 c6 9. h3 Nbd7 10. Bg5 h6 11. Be3 a6 12. Qd2 Kh7 13. a4 Nc5 14. Qc2 a5 15. f4 Na6 16. Rad1 Nb4 17. Qb3 Be6 18. d4 exd4 19. Nxd4 Nd7 20. Nxe6 Rxe6 21. Bf2 Qe7 22. f5 Re5 23. g4 Nc5 24. Bxc5 Rxc5 25. Ne2 Re8 26. Nd4 g5 27. Qf3 Bf6 28. b3 Na6 29. Qd3 Re5 30. Nf3 Rxe4 31. Qxd6 Qxd6 32. Rxd6 Kg7 33. Kh1 Nc5 34. Nd2 Re2 35. Bf3 R2e3 36. Rb1 Be5 37. f6+ Kg8 0-1


[Site "https://www.chess.com"]

[Event "Titled Tuesday Blitz August 16 Early 2022"]
[White "Turayev, Shahruh"]
[Black "Shimanov, Aleksandr"]
[WhiteFideId "14003856"]
[BlackFideId "4198603"]
[WhiteElo "2621"]
[BlackElo "2605"]
[Result "0-1"]
[Round "04"]
[TimeControl "180+1"]
[Date "2022.08.16"]
[WhiteClock "0:00:03"]
[BlackClock "0:00:03"]

1. d4 Nf6 2. c4 g6 3. g3 Bg7 4. Bg2 O-O 5. Nc3 d6 6. Nf3 Nc6 7. O-O e5 8. d5 Nb8 9. e4 a5 10. Ne1 Na6 11. Nd3 Nd7 12. Be3 f5 13. a3 Nac5 14. Nxc5 Nxc5 15. b4 axb4 16. axb4 Rxa1 17. Qxa1 Nb3 18. Qd1 Nd4 19. Bxd4 exd4 20. Nb5 f4 21. Re1 Qf6 22. Nxc7 fxg3 23. fxg3 d3 24. Ne6 Bxe6 25. dxe6 Qd4+ 26. Kh1 Re8 27. e5 Bxe5 28. Bd5 Kg7 29. Rf1 Bf6 30. Qf3 d2 31. h4 Ra8 32. Kg2 Ra1 33. Rxa1 Qxa1 34. e7 Qe5 35. Qd1 Qe1 36. e8=Q Qxe8 37. Qxd2 b6 38. Qd3 Qe5 39. b5 Qb2+ 40. Kh3 Be5 41. Qf3 Bf6 42. Qe4 Qc1 43. Qe8 Qf1+ 44. Kh2 Be5 0-1


[Site "https://www.chess.com"]

[Event "Titled Tuesday Blitz August 16 Early 2022"]
[White "Turzo, Attila"]
[Black "Molina, Roberto Junio Brito"]
[WhiteFideId "704954"]
[BlackFideId "2109450"]
[WhiteElo "2298"]
[BlackElo "2403"]
[Result "0-1"]
[Round "04"]
[TimeControl "180+2"]
[Date "2022.08.18"]
[WhiteClock "0:00:00"]
[BlackClock "0:00:00"]

1. e4 c6 2. d4 d5 3. e5 Bf5 4. Nd2 e6 5. Nb3 Nd7 6. Nf3 Bg6 7. Be2 Ne7 8. O-O Nf5 9. c4 dxc4 10. Bxc4 Nb6 11. Be2 Nd5 12. Bd2 Be7 13. Rc1 O-O 14. Nc5 b6 15. Ne4 Qd7 16. Qa4 Rfc8 17. Rfd1 Rc7 18. Ng3 Nxg3 19. hxg3 Bh5 20. Bd3 Bf8 21. Re1 Ne7 22. Be4 Bg6 23. Bb4 Bxe4 24. Rxe4 Ng6 25. Bxf8 Nxf8 26. Re2 Rac8 27. Rec2 c5 28. Qxd7 Nxd7 29. dxc5 Rxc5 30. Rxc5 Rxc5 31. Rxc5 Nxc5 32. Kf1 Nd3 33. b3 Nc1 34. Nd4 Nxa2 35. Nc6 a5 36. Ne7+ Kf8 37. Nc8 b5 38. Nd6 Nc1 39. Nxb5 Nxb3 40. Ke2 Ke7 41. Kd3 a4 42. Kc4 Nd2+ 43. Kd3 Nb3 44. Kc4 h5 45. Nc3 Na5+ 46. Kb5 Nb3 47. Kc4 f6 48. exf6+ Kxf6 49. Nxa4 Nd2+ 50. Kd3 Nb3 51. Ke3 Ke5 52. Nc3 Nc5 53. Nb5 Nd7 54. Nd4 Nf6 55. Nf3+ Kf5 56. Nd4+ Ke5 57. Nf3+ Kd5 58. Ng5 e5 59. f3 Kd6 60. Ne4+ Ke6 61. Ng5+ Kf5 62. Nf7 Nd5+ 63. Kd3 Ne7 64. Nd6+ Ke6 65. Ne4 Nf5 66. Ke2 Kd5 67. Kf2 Nd4 68. Ng5 Kd6 69. Ke3 Nf5+ 70. Kf2 Ke7 71. Ne4 Ke6 72. Ng5+ Kf6 73. Ne4+ Kg6 74. Nc5 Ne7 75. Nd7 Kf5 76. Nc5 Nd5 77. Ne4 Nf6 78. Nd6+ Ke6 79. Nc4 g6 80. Nd2 Kf5 81. Ke3 g5 82. Kf2 g4 83. Ke3 Nd5+ 84. Kf2 Ne7 85. Ne4 Ng6 86. Nd6+ Ke6 87. Ne4 Ne7 88. Ng5+ Kf5 89. Nf7 Nd5 90. Nd6+ Kf6 91. Ne4+ Ke6 92. Ng5+ Kf5 93. Ne4 Nf6 94. Nd6+ Ke6 95. Nc4 Kd5 96. Ne3+ Kd4 97. Nf5+ Kd3 98. Ng7 e4 99. Nf5 Nd5 0-1


[Site "https://www.chess.com"]

[Event "Titled Tuesday Blitz August 16 Early 2022"]
[White "Vachylia, Andrii"]
[Black "Hansen, Eric"]
[WhiteFideId "14137224"]
[BlackFideId "2606771"]
[WhiteElo "2318"]
[BlackElo "2568"]
[Result "0-1"]
[Round "04"]
[TimeControl "180+1"]
[Date "2022.08.16"]
[WhiteClock "0:00:03"]
[BlackClock "0:00:04"]

1. e4 c5 2. Nf3 e6 3. d4 cxd4 4. Nxd4 a6 5. Bd3 Qb6 6. c3 Nc6 7. O-O Nf6 8. Nd2 Qc7 9. f4 Bc5 10. Nf3 d6 11. Kh1 e5 12. Nb3 Ba7 13. fxe5 dxe5 14. Bg5 Ng4 15. Qe2 h6 16. Bd2 O-O 17. h3 Nf6 18. Nh4 Qe7 19. Bc4 b5 20. Bd3 Rd8 21. Nf5 Bxf5 22. Rxf5 Qe6 23. Raf1 Ne7 24. R5f3 Ng6 25. g4 Nf4 26. Bxf4 exf4 27. Rxf4 Rac8 28. e5 Qd5+ 29. R4f3 Re8 30. Qg2 Rxe5 31. Rf5 Qd6 32. Qg3 Rce8 33. Rxe5 Rxe5 34. Bf5 Bb8 35. Nc1 g6 36. Bb1 Qc6+ 37. Qg2 Qe6 38. Qf2 Ne4 39. Qg2 h5 40. Nd3 Rg5 41. Nf4 Bxf4 42. Rxf4 Nf6 43. Qf2 Nd5 44. Re4 Qd6 45. Qd2 Re5 46. Rxe5 Qxe5 47. gxh5 Qxh5 48. Qg2 Ne3 49. Qe4 Qxh3+ 50. Kg1 Qg3+ 51. Kh1 Ng4 52. Qg2 Qe1+ 53. Qg1 Qh4+ 54. Kg2 Ne5 55. Qf2 Qg5+ 56. Kh2 Ng4+ 0-1


[Site "https://www.chess.com"]

[Event "Titled Tuesday Blitz August 16 Early 2022"]
[White "Voege, Tobias"]
[Black "Gardezi, Arsal"]
[WhiteFideId "1270513"]
[BlackFideId "30949521"]
[WhiteElo "2360"]
[BlackElo "1781"]
[Result "1-0"]
[Round "04"]
[TimeControl "180+2"]
[Date "2022.08.18"]
[WhiteClock "0:00:00"]
[BlackClock "0:00:00"]

1. e4 e5 2. Nf3 Nc6 3. d4 exd4 4. Nxd4 Nf6 5. Nc3 Bb4 6. Nxc6 bxc6 7. Bd3 O-O 8. O-O h6 9. e5 Nd5 10. Nxd5 cxd5 11. c3 Be7 12. Bf4 d6 13. Re1 dxe5 14. Bxe5 Be6 15. Qf3 c5 16. Bf5 Qd7 17. Bxe6 fxe6 18. Qg4 Bf6 19. b3 Bxe5 20. Rxe5 Rf6 21. Rd1 Raf8 22. Rd2 Qf7 23. Qe2 d4 24. cxd4 cxd4 25. f3 Rd8 26. Qc4 Qd7 27. Re4 d3 28. Re3 Rc8 29. Qxd3 Rc1+ 30. Kf2 Qc7 31. Qd8+ Kh7 32. Qxc7 Rxc7 33. Rb2 a5 34. a3 Rc6 35. b4 Rb6 36. b5 Rf5 37. a4 Rd5 38. Re4 Rd1 39. Rbe2 Ra1 40. Rd2 Ra3 41. h4 e5 42. Rd5 Re6 43. g4 Kg6 44. Rc5 Ra2+ 45. Kg3 Ra3 46. h5+ Kh7 47. Rc6 Re7 48. Rc2 Rf7 49. Rg2 Re7 50. Rf2 Re6 51. Rfe2 Rf6 52. R2e3 Re6 53. Rxa3 Rf6 54. Rae3 Re6 55. Rxe5 Rc6 56. bxc6 1-0


[Site "https://www.chess.com"]

[Event "Titled Tuesday Blitz August 16 Early 2022"]
[White "Vusatiuk, Vladimir"]
[Black "Bolanos, Fernando"]
[WhiteFideId "14118610"]
[BlackFideId "3304094"]
[WhiteElo "2157"]
[BlackElo "2086"]
[Result "1-0"]
[Round "04"]
[TimeControl "180+2"]
[Date "2022.08.18"]
[WhiteClock "0:00:00"]
[BlackClock "0:00:00"]

1. d4 Nf6 2. g4 Nxg4 3. e4 Nh6 4. Nc3 c5 5. d5 d6 6. Bb5+ Bd7 7. a4 g6 8. h4 a6 9. Bxd7+ Qxd7 10. h5 Qg4 11. Nge2 Bg7 12. Be3 Nd7 13. Qd2 Ng8 14. Rg1 Qxh5 15. f4 Ngf6 16. O-O-O Nb6 17. b3 Qh3 18. f5 Nxe4 19. Nxe4 Qxf5 20. N2c3 Nd7 21. Bg5 h6 22. Rdf1 Qe5 23. Bf4 Qh5 24. Ng3 1-0


[Site "https://www.chess.com"]

[Event "Titled Tuesday Blitz August 16 Early 2022"]
[White "Vysochin, Spartak"]
[Black "Urbina Perez, Juan Antonio"]
[WhiteFideId "14103516"]
[BlackFideId "2217368"]
[WhiteElo "2355"]
[BlackElo "2192"]
[Result "1/2-1/2"]
[Round "04"]
[TimeControl "180+2"]
[Date "2022.08.18"]
[WhiteClock "0:00:00"]
[BlackClock "0:00:00"]

1. d4 Nf6 2. Nf3 d5 3. Bf4 c5 4. e3 Nc6 5. Be2 e6 6. O-O Bd6 7. Bxd6 Qxd6 8. dxc5 Qxc5 9. Nbd2 O-O 10. Nb3 Qb6 11. Rc1 e5 12. c4 dxc4 13. Bxc4 Bg4 14. Be2 Rfd8 15. Qc2 Be6 16. Nfd2 Rac8 17. Nc4 Qb4 18. a3 Qe7 19. Rfd1 b5 20. Rxd8+ Qxd8 21. Ncd2 Nd4 22. Qd1 Nxb3 23. Rxc8 Qxc8 24. Nxb3 a6 25. h3 g6 26. Qc1 Qxc1+ 27. Nxc1 Kf8 28. Nd3 Bc4 29. Kf1 Nd7 30. Nb4 Bxe2+ 31. Kxe2 Nc5 32. f3 Ke7 33. Nd3 Nxd3 34. Kxd3 Kd6 35. b4 f5 36. h4 h5 37. g3 Ke6 38. Kc3 Kd6 39. Kd3 Ke6 40. Kc3 Kd6 41. Kd3 1/2-1/2


[Site "https://www.chess.com"]

[Event "Titled Tuesday Blitz August 16 Early 2022"]
[White "Wagner, Dennis"]
[Black "Goltseva, Ekaterina"]
[WhiteFideId "24650684"]
[BlackFideId "24173770"]
[WhiteElo "2355"]
[BlackElo "2086"]
[Result "1-0"]
[Round "04"]
[TimeControl "180+2"]
[Date "2022.08.18"]
[WhiteClock "0:00:00"]
[BlackClock "0:00:00"]

1. Nf3 Nf6 2. c4 e6 3. g3 d5 4. Bg2 d4 5. O-O c5 6. d3 Nc6 7. e3 Bd6 8. exd4 cxd4 9. Bg5 h6 10. Bxf6 Qxf6 11. a3 a5 12. Nbd2 Qd8 13. Rc1 O-O 14. c5 Be7 15. Re1 Bd7 16. Nc4 Bxc5 17. Nfe5 Ba7 18. Bxc6 Bxc6 19. Nxc6 bxc6 20. Qa4 Qd5 21. Re5 Qf3 22. Rxa5 Qxd3 23. Rxa7 Rxa7 24. Qxa7 Qe2 25. Qxd4 Rb8 26. Qe5 1-0


[Site "https://www.chess.com"]

[Event "Titled Tuesday Blitz August 16 Early 2022"]
[White "Weetik, Vjacheslav"]
[Black "Salman, Pavel"]
[WhiteFideId "4153472"]
[BlackFideId "24153753"]
[WhiteElo "2469"]
[BlackElo "2143"]
[Result "1-0"]
[Round "04"]
[TimeControl "180+2"]
[Date "2022.08.18"]
[WhiteClock "0:00:00"]
[BlackClock "0:00:00"]

1. d4 Nf6 2. Bf4 c5 3. e3 g6 4. Nf3 Bg7 5. Nbd2 O-O 6. c3 d6 7. dxc5 dxc5 8. Qc2 Nc6 9. Bb5 Be6 10. Bxc6 bxc6 11. Be5 h5 12. O-O Qc8 13. c4 Rd8 14. Rfd1 Bf5 15. e4 Bg4 16. h3 Bxh3 17. gxh3 Qxh3 18. Bxf6 Bxf6 19. e5 Qg4+ 20. Kf1 Qh3+ 21. Ke2 Qe6 22. Ne4 Bxe5 23. Nxc5 Qf6 24. Nd7 Rxd7 25. Rxd7 Bxb2 26. Rad1 Kg7 27. Qe4 Rb8 28. R1d2 Bc3 29. Rc2 Bb4 30. Qe5 Bd6 31. Qxf6+ Kxf6 32. Rxa7 g5 33. Ra6 c5 34. Nd2 Ke5 35. Rc3 f5 36. Re3+ Kf6 37. Rd3 Rb2 38. a4 h4 39. Kf1 g4 40. a5 h3 41. Ra8 Ra2 42. a6 h2 43. Kg2 Ra1 44. Rh8 Rxa6 45. Nf1 Ra2 46. Nxh2 g3 47. Nf3 Rxf2+ 48. Kg1 e5 49. Rxd6+ Ke7 50. Rd5 Rxf3 51. Rxe5+ Kd6 52. Rd5+ Ke6 53. Rh6+ Kf7 54. Rd7+ Ke8 55. Rb7 1-0


[Site "https://www.chess.com"]

[Event "Titled Tuesday Blitz August 16 Early 2022"]
[White "Yurasova, Daria"]
[Black "Danielyan, Vahe"]
[WhiteFideId "34146919"]
[BlackFideId "13304828"]
[WhiteElo "2021"]
[BlackElo "2421"]
[Result "1/2-1/2"]
[Round "04"]
[TimeControl "180+2"]
[Date "2022.08.18"]
[WhiteClock "0:00:00"]
[BlackClock "0:00:00"]

1. d4 d5 2. Nf3 Nf6 3. c4 dxc4 4. e3 e6 5. Nbd2 a6 6. Bxc4 c5 7. O-O b5 8. Be2 Bb7 9. b3 Nbd7 10. Bb2 Bd6 11. Rc1 O-O 12. a4 cxd4 13. Nxd4 bxa4 14. bxa4 Rb8 15. Nc4 Bc7 16. Ba1 h6 17. Bf3 Nd5 18. Qd2 Nc5 19. a5 Qh4 20. g3 Qe7 21. Bg2 Rfd8 22. Qa2 Nd3 23. Rb1 N3b4 24. Qa3 Ba8 25. Rfc1 h5 26. h4 Rdc8 27. Bf3 e5 28. Nf5 Qf6 29. Be4 g6 30. Nh6+ Kg7 31. Nxf7 Kxf7 32. Rd1 Rd8 33. Rbc1 Kg7 34. Bg2 Rf8 35. Rd2 Rf7 36. Rcd1 Nxe3 37. Nxe3 Bxg2 38. Nxg2 Nc6 39. Ne3 Re8 40. Qc5 Re6 41. Nd5 Qf5 42. Nxc7 Rxc7 43. Qe3 Qf7 44. Rd5 Rce7 45. Re1 Kh7 46. Red1 e4 47. Rd6 Ne5 48. Rxe6 Qxe6 49. Kg2 Nf3 50. Qf4 Qg4 51. Qxg4 hxg4 52. Bc3 e3 53. fxe3 Rxe3 54. Bf6 Kg8 55. Rd8+ Kf7 56. Bg5 Re2+ 57. Kf1 Ra2 58. Rd7+ Ke6 59. Re7+ Kf5 60. Rf7+ Ke5 61. Re7+ Kd5 62. Rd7+ Ke5 63. Re7+ Kf5 64. Rf7+ Ke4 65. Re7+ Kd3 66. Rd7+ Kc4 67. Rc7+ Kd5 68. Rd7+ Ke6 69. Re7+ Kd6 70. Rg7 Rxa5 71. Rxg6+ Kd5 72. Bf4 Ra1+ 73. Ke2 Ra2+ 74. Kd3 Ra3+ 75. Kc2 Nd4+ 76. Kb2 Rb3+ 77. Ka2 Rf3 78. Rg5+ Kc4 79. Rxg4 Rf2+ 80. Kb1 Kb3 81. Kc1 Ne2+ 82. Kd1 Nc3+ 83. Ke1 Re2+ 84. Kf1 a5 85. Bd6 Rd2 86. Bf8 Rd1+ 87. Kg2 Rd8 88. Be7 Rd7 89. Bc5 Rd5 90. Bf8 Rd2+ 91. Kf1 Rd8 92. Be7 Rb8 93. Rg6 a4 94. Ra6 Nb5 95. h5 Re8 96. Bc5 Re5 97. Bf8 Rxh5 98. Kg2 Rd5 99. g4 Rd8 100. Bc5 a3 101. Bxa3 Nxa3 102. Rb6+ Kc3 103. Kg3 Nc4 104. Rc6 Kd4 105. Ra6 Ke4 106. Re6+ Ne5 107. Ra6 Rd3+ 108. Kh4 Kf4 109. Rf6+ Ke4 110. g5 Rd1 111. g6 Rh1+ 112. Kg5 Rg1+ 113. Kh4 Nf3+ 114. Kh3 Rg5 115. Re6+ Kf5 116. Ra6 Ne5 117. Kh4 Rg4+ 118. Kh3 Rg5 119. Kh4 Rg4+ 120. Kh3 Rg1 121. g7 Rxg7 122. Ra8 Kf4 123. Rf8+ Ke4 124. Re8 Kf4 125. Rf8+ Ke4 126. Re8 Kd5 127. Rd8+ Ke6 128. Re8+ Kf6 129. Rf8+ Nf7 130. Ra8 Kf5 131. Ra5+ Ne5 132. Kh2 Kf4 133. Ra4+ Ke3 134. Ra3+ Nd3 135. Ra8 Kd2 136. Rd8 Ke2 137. Re8+ Kf1 138. Kh3 Nf2+ 139. Kh4 Kg2 140. Kh5 Kg3 141. Kh6 Rg4 142. Re7 Nh3 143. Rg7 Rxg7 144. Kxg7 1/2-1/2


[Site "https://www.chess.com"]

[Event "Titled Tuesday Blitz August 16 Early 2022"]
[White "Yurovskykh, Oleksandr"]
[Black "Khusenkhojaev, Muhammad"]
[WhiteFideId "14134020"]
[BlackFideId "14700247"]
[WhiteElo "2292"]
[BlackElo "2180"]
[Result "1-0"]
[Round "04"]
[TimeControl "180+2"]
[Date "2022.08.18"]
[WhiteClock "0:00:00"]
[BlackClock "0:00:00"]

1. d4 Nf6 2. Nf3 e6 3. Bf4 d5 4. e3 c5 5. c3 Bd6 6. Bg3 Qc7 7. dxc5 Qxc5 8. Nbd2 O-O 9. Bd3 Nbd7 10. Qe2 b6 11. e4 dxe4 12. Nxe4 Nxe4 13. Qxe4 Nf6 14. Qxa8 Bxg3 15. hxg3 Ba6 16. Qxf8+ Kxf8 17. Bxa6 b5 18. a4 b4 19. O-O g5 20. Rac1 g4 21. Nd4 Kg7 22. Rfe1 Nd5 23. Rxe6 bxc3 24. bxc3 Nxc3 25. Re3 1-0


[Site "https://www.chess.com"]

[Event "Titled Tuesday Blitz August 16 Early 2022"]
[White "Zanette, Edgard Vinicius"]
[Black "D`Arruda, Ricardo D."]
[WhiteFideId "2109263"]
[BlackFideId "100692"]
[WhiteElo "2182"]
[BlackElo "2271"]
[Result "0-1"]
[Round "04"]
[TimeControl "180+2"]
[Date "2022.08.18"]
[WhiteClock "0:00:00"]
[BlackClock "0:00:00"]

1. e4 c5 2. Nc3 Nc6 3. Bb5 e6 4. Bxc6 bxc6 5. f4 d5 6. Nf3 Nf6 7. e5 Ng8 8. O-O Nh6 9. b3 c4 10. bxc4 Ba6 11. cxd5 Bxf1 12. Qxf1 cxd5 13. Rb1 Bc5+ 14. d4 Be7 15. Qb5+ Kf8 16. h3 g6 17. g4 Kg7 18. f5 gxf5 19. g5 Ng8 20. Ne2 h6 21. gxh6+ Nxh6 22. Nf4 Rb8 23. Qxb8 Qxb8 24. Rxb8 Rxb8 25. Nh5+ Kh7 26. Ng5+ Bxg5 27. Bxg5 Kg6 28. Bxh6 Kxh5 29. c3 Rb1+ 30. Kf2 Rb2+ 31. Ke3 Kxh6 0-1


[Site "https://www.chess.com"]

[Event "Titled Tuesday Blitz August 16 Early 2022"]
[White "Zheenbekov, Nurgazy"]
[Black "Krsnik Cohar, Ivan Vihor"]
[WhiteFideId "13800485"]
[BlackFideId "14520044"]
[WhiteElo "1932"]
[BlackElo "2414"]
[Result "0-1"]
[Round "04"]
[TimeControl "180+2"]
[Date "2022.08.18"]
[WhiteClock "0:00:00"]
[BlackClock "0:00:00"]

1. e4 c5 2. Nf3 g6 3. c3 Bg7 4. Be2 d5 5. e5 d4 6. Bb5+ Bd7 7. Bxd7+ Qxd7 8. O-O Nc6 9. d3 Nxe5 10. Nxe5 Bxe5 11. cxd4 Bxd4 12. Nc3 Nf6 13. Bh6 Ng4 14. Bf4 O-O 15. h3 Nf6 16. Re1 Rfe8 17. Qf3 Rad8 18. Rad1 Qf5 19. g4 Qd7 20. Be5 Bxe5 21. Rxe5 b6 22. Rde1 Qxd3 23. Qxd3 Rxd3 24. Rxe7 Kf8 25. Rxe8+ Nxe8 26. Kg2 Rd2 27. b3 Nc7 28. Kf3 Ne6 29. Ke3 Rc2 30. Ne4 Rxa2 31. Rd1 Nd4 32. b4 Nc2+ 33. Kf4 cxb4 34. Rd7 b3 35. Nf6 b2 36. g5 b1=Q 37. Nxh7+ Kg7 38. Nf6 Ra4+ 39. Ke5 Qb2+ 40. Kd6 Rd4+ 41. Kc7 Rxd7+ 0-1


[Site "https://www.chess.com"]

[Event "Titled Tuesday Blitz August 16 Early 2022"]
[White "Acor, Corey"]
[Black "Atanasov, Anthony"]
[WhiteFideId "2024861"]
[BlackFideId "2623897"]
[WhiteElo "2340"]
[BlackElo "1928"]
[Result "0-1"]
[Round "05"]
[TimeControl "180+1"]
[Date "2022.08.16"]
[WhiteClock "0:00:02"]
[BlackClock "0:00:06"]

1. e4 e5 2. Nc3 Nc6 3. g3 Bc5 4. Bg2 Nf6 5. d3 d6 6. Nf3 h6 7. Na4 Bb4+ 8. c3 Ba5 9. b4 Bb6 10. h3 Be6 11. O-O Qd7 12. Kh2 O-O 13. Nh4 d5 14. f4 dxe4 15. dxe4 Qxd1 16. Rxd1 Rfd8 17. Bd2 Bg4 18. Nf3 Rd3 19. Nxb6 axb6 20. hxg4 Nxg4+ 21. Kg1 Rad8 22. Re1 Rxd2 23. Nxd2 Rxd2 24. Rad1 Rxa2 25. Rd7 Rc2 26. Rxc7 Nd4 27. Rxb7 Ne2+ 28. Rxe2 Rxe2 29. Rb8+ Kh7 30. Rxb6 Re3 31. Rc6 Rxg3 32. Kf1 Ne3+ 33. Kf2 exf4 34. Bf3 g5 35. e5 g4 36. Be4+ Kg7 37. b5 Nd1+ 38. Ke2 Nxc3+ 39. Rxc3 Rxc3 40. Bd5 Rc5 41. Bc6 Rxe5+ 0-1


[Site "https://www.chess.com"]

[Event "Titled Tuesday Blitz August 16 Early 2022"]
[White "Adewumi, Tanitoluwa"]
[Black "Zou, Chen"]
[WhiteFideId "30966396"]
[BlackFideId "8610959"]
[WhiteElo "2302"]
[BlackElo "2276"]
[Result "0-1"]
[Round "05"]
[TimeControl "180+2"]
[Date "2022.08.18"]
[WhiteClock "0:00:00"]
[BlackClock "0:00:00"]

1. e4 e5 2. Nf3 Nc6 3. Bc4 Bc5 4. O-O Nf6 5. d3 d6 6. c3 h6 7. h3 O-O 8. Re1 a6 9. a4 Ba7 10. Nbd2 Re8 11. b4 Be6 12. Bxe6 Rxe6 13. Qc2 Qd7 14. Rb1 b5 15. Ra1 Ree8 16. Ra3 Bb6 17. Qa2 Rab8 18. Bb2 Nh5 19. axb5 axb5 20. Qd5 Nf4 21. Qb3 Nxh3+ 22. gxh3 Qxh3 23. d4 Re6 24. Qxe6 fxe6 25. Re3 Qg4+ 26. Kf1 Rf8 27. Ra1 exd4 28. cxd4 e5 29. Rc1 Nxd4 30. Bxd4 Bxd4 31. Nxd4 exd4 32. Rd3 Rf7 33. f3 Qg3 34. Ke2 Qg2+ 35. Kd1 h5 36. Kc2 h4 37. e5 dxe5 38. Re1 h3 39. Rxe5 h2 40. Re8+ Rf8 41. Rxf8+ Kxf8 42. Rxd4 h1=Q 43. Rf4+ Kg8 44. Re4 Qhh2 45. Rd4 Qxf3 46. Rd8+ Kh7 47. Kc1 Qc3+ 48. Kd1 Qh5+ 49. Ke1 Qce5+ 50. Kf1 Qhe2+ 51. Kg1 Qg3+ 52. Kh1 Qeg2# 0-1


[Site "https://www.chess.com"]

[Event "Titled Tuesday Blitz August 16 Early 2022"]
[White "Agasarov, Benik"]
[Black "Baches Garcia, Guillermo"]
[WhiteFideId "13314823"]
[BlackFideId "2209764"]
[WhiteElo "2152"]
[BlackElo "2326"]
[Result "0-1"]
[Round "05"]
[TimeControl "180+2"]
[Date "2022.08.18"]
[WhiteClock "0:00:00"]
[BlackClock "0:00:00"]

1. e4 c5 2. Nf3 d6 3. d4 cxd4 4. Nxd4 Nf6 5. Nc3 Nc6 6. Bg5 e6 7. Qd2 h6 8. Bh4 Nxe4 9. Qf4 Nf6 10. Bb5 Bd7 11. O-O-O g5 12. Qe3 gxh4 13. Nf5 Qc7 14. Qd4 Nxd4 0-1


[Site "https://www.chess.com"]

[Event "Titled Tuesday Blitz August 16 Early 2022"]
[White "Aggelis, Nikolaos"]
[Black "Santos Ruiz, Miguel"]
[WhiteFideId "4213220"]
[BlackFideId "22291482"]
[WhiteElo "2154"]
[BlackElo "2478"]
[Result "0-1"]
[Round "05"]
[TimeControl "180+2"]
[Date "2022.08.18"]
[WhiteClock "0:00:00"]
[BlackClock "0:00:00"]

1. Nf3 d5 2. d4 Nf6 3. c4 e6 4. g3 dxc4 5. Bg2 Nc6 6. O-O Rb8 7. a4 a6 8. Qc2 b5 9. Rd1 Be7 10. e4 O-O 11. Nc3 Nb4 12. Qe2 Nd3 13. Bg5 b4 14. Nb1 a5 15. Ne5 Nxe5 16. dxe5 Nd7 17. Be3 Ba6 18. Nd2 Qc8 19. Nxc4 Nxe5 20. b3 Nxc4 21. bxc4 Rd8 22. e5 Rxd1+ 23. Rxd1 Qe8 24. Ba7 Rd8 25. Rxd8 Qxd8 26. Be4 Qd7 27. Qf3 Bxc4 28. Kg2 Bd5 29. Bxd5 Qxd5 30. Qxd5 exd5 31. Bb8 b3 0-1


[Site "https://www.chess.com"]